 Dungeon Crawl Stone Soup version 0.22-a0-271-gc000056 (webtiles) character file.

128 grindst0ne the Shield-Bearer (level 5, -1/42 HPs)
             Began as a Formicid Fighter on Mar 10, 2018.
             Slain by an adder (4 damage)
             ... on level 2 of the Dungeon.
             The game lasted 00:02:43 (1506 turns).

grindst0ne the Shield-Bearer (Formicid Fighter)     Turns: 1506, Time: 00:02:43

Health: -1/42      AC:  6    Str: 21    XL:     5   Next: 33%
Magic:  5/5        EV:  8    Int:  7    God:
Gold:   180        SH: 10    Dex: 11    Spells: 4/4 levels left

rFire    . . .     SeeInvis +   a - +0 war axe
rCold    . . .     Gourm    .   c - +0 shield
rNeg     . . .     Faith    .   b - +0 scale mail
rPois    .         Spirit   .   (helmet unavailable)
rElec    .         Reflect  .   (no cloak)
rCorr    .         Harm     .   (no gloves)
MR       .....                  (no boots)
Stlth    ..........             (no amulet)
HPRegen  0.14/turn              (no ring)
MPRegen  0.09/turn              (no ring)

@: lethally poisoned (-1 -> -1)
A: permanent stasis, dig shafts and tunnels, four strong arms, antennae 3
a: Dig, Shaft Self


You were on level 2 of the Dungeon.
You were not hungry.

You visited 1 branch of the dungeon, and saw 3 of its levels.

You collected 180 gold pieces.

Inventory:

Hand Weapons
 a - a +0 war axe (weapon)
Armour
 b - a +0 scale mail (worn)
 c - a +0 shield (worn)
Jewellery
 j - an uncursed ring of stealth {unknown}
 s - a cursed ring of loudness {unknown}
Scrolls
 g - a scroll of enchant weapon {unknown}
 h - 4 scrolls of remove curse {unknown}
 k - 4 scrolls of immolation {unknown}
 m - 2 scrolls of magic mapping {unknown}
 p - 2 scrolls of identify {unknown}
 q - a scroll of teleportation {unknown}
Potions
 d - a potion of might
 e - 2 potions of agility {unknown}
 i - a potion of curing {unknown}
 l - 2 potions of berserk rage {unknown}
 n - a potion of mutation {unknown}
 o - 3 potions of flight {unknown}
Comestibles
 f - 3 rations
 r - 7 chunks of flesh


   Skills:
 + Level 4.1 Fighting
 + Level 3.1 Axes
 - Level 3.2 Armour
 * Level 5.4 Shields


You had 4 spell levels left.
You didn't know any spells.

Dungeon Overview and Level Annotations

Branches:
Dungeon (3/15)

Altars:
Xom

Annotations:
D:3 Sigmund


Innate Abilities, Weirdness & Mutations

You cannot be hasted, slowed, berserked, paralysed or teleported.
You can dig through walls and to a lower floor.
Your four strong arms can wield two-handed weapons with a shield.
You have a pair of large antennae on your head. (SInv)


Message History

Sigmund casts a spell.
Sigmund flickers and vanishes for a moment.
The adder barely misses you.
You feel sick. The adder bites you but does no damage.
There is an escape hatch in the ceiling here.
The adder bites you but does no damage. A mysterious force pulls you upwards.
The hatch slams shut behind you.
You feel sick.
You miss the adder. You block the adder's attack. The adder bites you.
* * * LOW HITPOINT WARNING * * *
You hit the adder.
The adder is moderately wounded.
The adder bites you.
* * * LOW HITPOINT WARNING * * *
The adder bites you but does no damage.
You miss the adder.
The adder is moderately wounded.
You feel sick. The adder barely misses you. The adder bites you.
You die...

#############################
#..).....[..S@..............#
#.#########################.#
####.#......# ######## #.#
.......####.# #......# #.#
.......#..#.# #......# #.#
.......#..#.# #......# #.#
.......##.#.# #......#######.#
..........#.# #......##......#
####.####.#.#####.....>#.....(.##


You could see an adder.

Vanquished Creatures
  An orc wizard (D:3)
  An adder (D:3)
  An adder skeleton (D:3)
  2 worms
  2 dart slugs (D:3)
  2 leopard geckos
  4 orcs (D:3)
  4 ball pythons (D:2)
  10 bats
  5 giant cockroaches
  8 goblins
  5 hobgoblins
  4 jackals (D:1)
  A quokka (D:3)
  4 frilled lizards
  6 kobolds
  9 rats
69 creatures vanquished.

Notes
Turn   | Place    | Note
-------+----------+-------------------------------------------
     0 | D:1      | grindst0ne the Formicid Fighter began the quest for the Orb.
     0 | D:1      | Reached XP level 1. HP: 18/18 MP: 1/1
    27 | D:1      | Reached XP level 2. HP: 21/24 MP: 2/2
    46 | D:1      | Reached skill level 4 in Shields
   248 | D:1      | Reached XP level 3. HP: 28/29 MP: 3/3
  1003 | D:2      | Reached XP level 4. HP: 37/37 MP: 4/4
  1105 | D:2      | Found a shimmering altar of Xom.
  1289 | D:3      | Reached skill level 5 in Shields
  1422 | D:3      | Reached XP level 5. HP: 29/42 MP: 5/5
  1481 | D:3      | Noticed Sigmund
  1506 | D:2      | Slain by an adder

Vault maps used:
D:1:      matt_arrival_spirals
D:2:      tgw_xom
D:3:      uniq_sigmund

Skill      XL: |  1  2  3  4 |
---------------+-------------+-----
Shields        | 4 5 |  5.4
Fighting       | 4 |  4.1
Axes           | 3 |  3.1
Armour         | |  3.2

Action                   |  1- 3 |  4- 6 || total
-------------------------+-------+-------++-------
Melee: War axe           |    79 |   110 ||   189
  Eat: Chunk             |       |     2 ||     2
Armor: Scale mail        |    39 |    50 ||    89
Dodge: Dodged            |    26 |    34 ||    60
Block: Shield            |    63 |    64 ||   127

Table legend:
 A = Spawn XP
 B = Non-spawn XP
 C = Spawn XP percentage of total XP
 D = Spawn monster count
 E = Non-spawn monster count
 F = Spawn count percentage of total count
 G = Total turns spent on level
                    A         B        C        D         E        F      G
               +---------+---------+-------+---------+---------+-------+---------
         Total |       0 |     183 |   0.0 |       0 |      69 |   0.0 |  1506
               +---------+---------+-------+---------+---------+-------+---------
           D:1 |       0 |      39 |   0.0 |       0 |      23 |   0.0 |   690
           D:2 |       0 |      41 |   0.0 |       0 |      24 |   0.0 |   543
           D:3 |       0 |     103 |   0.0 |       0 |      22 |   0.0 |   273
               +---------+---------+-------+---------+---------+-------+---------
